 Dungeon Crawl Stone Soup version 0.30.1-11-g7821555f0a (webtiles) character file.

Game seed: 13975500670401456240

59 Martska the Trooper (level 4, -1/52 HPs)
             Began as an Ogre Gladiator on Dec 6, 2023.
             Slain by a hobgoblin
             ... wielding a +0 dagger
             ... led by Robin
              (7 damage)
             ... on level 2 of the Dungeon.
             The game lasted 00:02:24 (1450 turns).

Martska the Trooper (Ogre Gladiator)                Turns: 1450, Time: 00:02:25

Health: -1/52      AC:  2    Str: 20    XL:     4   Next: 3%
Magic:  4/4        EV: 10    Int:  9    God:
Gold:   73         SH:  0    Dex: 10    Spells: 3/3 levels left

rFire   . . .        a - +0 flail
rCold   . . .        (no shield)
rNeg    . . .        b - +0 robe
rPois   .            c - +0 hat
rElec   .            (no cloak)
rCorr   .            (gloves unavailable)
SInv    .            (boots unavailable)
Will    +....        (no amulet)
Stlth   +            n - ring of willpower
HPRegen 0.28/turn    (no ring)
MPRegen 0.09/turn

%: no passive effects
@: flying
A: large, unfitting armour, tough skin 1, deformed body, robust 1, MP-powered
wands
a: no special abilities


You were on level 2 of the Dungeon.
You visited 1 branch of the dungeon, and saw 2 of its levels.

You collected 73 gold pieces.

Inventory:

Hand Weapons
 a - a +0 flail (weapon)
Missiles
 d - 3 throwing nets (quivered)
 e - a large rock
Armour
 b - a +0 robe (worn)
 c - a +0 hat (worn)
Magical Staves
 l - a staff of cold
Jewellery
 n - a ring of willpower (left hand)
Scrolls
 g - 2 scrolls of teleportation
 m - 4 scrolls of identify {unknown}
Potions
 f - 2 potions of curing
 h - a potion of flight
 i - a potion of mutation
 j - a potion of haste {unknown}
 k - a potion of invisibility {unknown}


   Skills:
 * Level 4.0 Fighting
 * Level 3.4 Maces & Flails
 - Level 2.0 Throwing
 + Level 3.1 Dodging


You had 3 spell levels left.
You didn't know any spells.
Your spell library was empty.

Dungeon Overview and Level Annotations

Branches:
Dungeon (2/15)

Altars:

Shops:
D:2 (

Annotations:
D:2 Robin


Innate Abilities, Weirdness & Mutations

You are too large for most types of armour.
You have tough skin. (AC +1)
Armour fits poorly on your strangely shaped body.
You are robust. (+10% HP)
You expend magic power (3 MP) to strengthen your wands.


Message History

You feel very buoyant.
You fly up into the air.
The hobgoblin hits you.
It was a potion of mutation.
You feel extremely strange.
You feel your magical essence link to the dungeon's wands.
You feel robust.
Your body twists and deforms.
The hobgoblin shouts!
The hobgoblin hits you!
You thump the hobgoblin!
You kill the hobgoblin!
The goblin unwields a +0 dagger.
The goblin wields a +0 sling.
The goblin shoots a sling bullet.
The sling bullet hits you.
You have reached level 4!
Robin roars a battlecry!
The goblin goes into a battle-frenzy!
The goblin unwields a +0 sling.
The goblin wields a +0 dagger.
The goblin closely misses you.
You sock the goblin!
You kill the goblin!
Robin throws the goblin at you! The goblin hits you with a +0 dagger.
You barely miss the hobgoblin.
Robin roars a battlecry!
The goblin goes into a battle-frenzy!
The hobgoblin hits you with a +0 dagger.
The goblin hits you but does no damage. The hobgoblin barely misses you.
The goblin hits you with a +0 dagger.
You closely miss the hobgoblin. The goblin barely misses you.
The hobgoblin completely misses you.
You sock the goblin!
You kill the goblin!
The hobgoblin hits you with a +0 dagger.
Robin throws the goblin at you! The goblin hits you with a +0 dagger.
* * * LOW HITPOINT WARNING * * *
You see here a +0 dagger.
You barely miss the goblin.
The hobgoblin hits you with a +0 dagger.
* * * LOW HITPOINT WARNING * * *
The goblin completely misses you.
You hit the goblin but do no damage.
The hobgoblin hits you with a +0 dagger!
You die...

.#############.#
..#.....(......#
......###.#.#.###
..#.#............
....#####.#.#.### #.###
##....# ######## #.# ##.#.#
## #gg†.g.. #.#
#######.#.######g..#..g###g##
#..
.(.........g@gggg....#.#(#g#(
###
################g...##.#.#g#.
#.#..#.#g#. ....###g##
###....g..[ #.....###


You could see Robin, 4 hobgoblins and 2 goblins.

Vanquished Creatures
  3 adders (D:2)
  2 endoplasms (D:2)
  4 goblins
  5 hobgoblins
  4 jackals (D:1)
  4 kobolds
  A quokka (D:2)
  2 ball pythons (D:1)
  2 bats (D:1)
  A frilled lizard (D:2)
  2 rats (D:2)
30 creatures vanquished.

Notes
Turn   | Place    | Note
-------+----------+-------------------------------------------
     0 | D:1      | Martska the Ogre Gladiator began the quest for the Orb.
     0 | D:1      | Reached XP level 1. HP: 22/22 MP: 1/1
   216 | D:1      | Reached skill level 3 in Fighting
   216 | D:1      | Reached XP level 2. HP: 31/31 MP: 2/2
   763 | D:2      | Reached XP level 3. HP: 19/37 MP: 3/3
  1095 | D:2      | Noticed a +0 demon whip
  1096 | D:2      | Found Xycyoha's Weapon Emporium.
  1096 | D:2      | Noticed a +0 triple sword
  1098 | D:2      | Noticed Robin
  1282 | D:2      | Reached skill level 4 in Fighting
  1441 | D:2      | Gained mutation: You expend magic power (3 MP) to
                  | strengthen your wands. [potion of mutation]
  1441 | D:2      | Gained mutation: You are robust. (+10% HP) [potion of
                  | mutation]
  1441 | D:2      | Gained mutation: Armour fits poorly on your strangely
                  | shaped body. [potion of mutation]
  1443 | D:2      | Reached XP level 4. HP: 26/52 MP: 4/4
  1450 | D:2      | Slain by a hobgoblin

Illustrated notes

Levels and vault maps discovered:
D:1:      minmay_arrival_diagonal_passages, layout_basic
D:2:      layout_loops_ring, serial_shops, nicolae_shop_mannequins, uniq_robin

Skill      XL: |  1  2  3 |
---------------+----------+-----
Fighting       | 3 4 |  4.0
Maces & Flails | 3 |  3.4
Dodging        | 3 |  3.1
Throwing       | |  2.0

Action                     |  1- 3 |  4- 6 || total
---------------------------+-------+-------++-------
  Melee: Flail             |    94 |     6 ||   100
         Punch             |     2 |       ||     2
    Use: Potion            |     3 |       ||     3
         Scroll            |     2 |       ||     2
 Armour: Robe              |    34 |     3 ||    37
  Dodge: Dodged            |    70 |     5 ||    75
